 Dungeon Crawl Stone Soup version 0.17.1-3-g152610e (webtiles) character file.

72 jacquesderrida the Caller (level 4, -7/30 HPs)
             Began as a Demonspawn Summoner on Apr 24, 2016.
             Was an Initiate of Ashenzari.
             Killed by divine providence
             ... invoked by an orc priest
              (13 damage)
             ... on level 3 of the Dungeon.
             The game lasted 00:06:08 (868 turns).

jacquesderrida the Caller (Demonspawn Summoner)      Turns: 868, Time: 00:06:08

Health: -7/30      AC:  7    Str:  8    XL:     4   Next: 6%
Magic:  7/16       EV: 12    Int: 17    God:    Ashenzari [......]
Gold:   40         SH:  0    Dex: 14    Spells: 3 memorised, 1 level left

rFire  . . .     SeeInvis .     q - +3 trident
rCold  . . .     Clarity  .     a - +0 robe
rNeg   . . .     SustAt   +     (no shield)
rPois  .         Gourm    .     g - +0 helmet (curse)
rElec  .         Spirit   .     (no cloak)
rCorr  .         Warding  .     (no gloves)
rMut   .         Stasis   .     (no boots)
MR     .....                    (no amulet)
Stlth  ++........               r - ring of sustain attributes
                                e - ring of magical power

@: not resistant to hostile enchantments, unstealthy
A: hooves 1, iridescent scales 1, demonic guardian 1
a: Renounce Religion


You were on level 3 of the Dungeon.
You worshipped Ashenzari.
Ashenzari was noncommittal.
You were not hungry.

You visited 1 branch of the dungeon, and saw 3 of its levels.

You collected 40 gold pieces.

Inventory:

Hand Weapons
 l - a -2 spear
 q - a +3 trident (weapon)
Missiles
 i - a throwing net (quivered)
Armour
 a - a +0 robe (worn)
 g - a cursed +0 helmet (worn)
 m - a +0 ring mail
Jewellery
 e - a ring of magical power (left hand)
 r - a ring of sustain attributes (right hand)
Scrolls
 d - a scroll of amnesia
 f - 2 scrolls of identify
 h - 2 scrolls of enchant weapon {unknown}
 j - a scroll of magic mapping {unknown}
 k - a scroll of fog {unknown}
 n - a scroll of fear {unknown}
Books
 b - a book of Callings

   Spells                             Type                      Level
   a - Summon Small Mammal            Summoning                    1
   b - Call Imp                       Summoning                    2
   c - Call Canine Familiar           Summoning                    3
   d - Summon Guardian Golem          Hexes/Summoning              3
   e - Summon Lightning Spire         Summoning/Air                4
   f - Summon Ice Beast               Ice/Summoning                4
Comestibles
 c - a bread ration
 p - 2 chunks of flesh


   Skills:
 + Level 0.6 Polearms
 - Level 1.7 Dodging
 - Level 1.7 Stealth
 - Level 2.0 Spellcasting
 + Level 5.5 Summonings


You had one spell level left.
You knew the following spells:

 Your Spells              Type           Power        Failure   Level  Hunger
a - Summon Small Mammal   Summ           ###.         1%          1    #......
b - Call Imp              Summ           ###.....     2%          2    ###....
c - Call Canine Familiar  Summ           ###.....     8%          3    ###....


Dungeon Overview and Level Annotations

Branches:
Dungeon (3/15)

Altars:
Ashenzari
Fedhas
Gozag
Makhleb
Ru
Trog


Innate Abilities, Weirdness & Mutations

You have large cloven feet.
You are partially covered in iridescent scales (AC +4).
A weak demonic guardian rushes to your aid.


Message History

Press: ? - help, Dir - move target cursor, f/p - orc priest
Aim: an orc priest (moderately wounded) Attack!
You hear a shout!
The orc priest invokes the aid of Beogh against you.
Something smites you!
* * * LOW HITPOINT WARNING * * *
Unknown command.
Drink which item? (? for menu, Esc to quit)
It was a potion of cancellation.
You feel magically purged.
Your crimson imp disappears in a puff of smoke!
A hobgoblin opens the door.
Your hound barely misses the orc priest.
Your white imp closely misses the kobold.
Found a sacrificial altar of Ru.
You see here a scroll of remove curse.
Your hound barely misses the orc priest.
The orc priest calls down the wrath of Beogh upon you.
Something smites you!
You die...

.. ##.# ##
......... ...#.
.......... #.#.
#...[....# #...
##........## ###.
#..........# #.
#..........#######h
#.................†
#.@.K......#######.
#..?...>...#####...
##....5.oh.......##
##.......###....#
##..g'### ###+.#
#...#.. #.# #...#
..# #.# #..## ..
### #..# _


You could see an orc priest, a hobgoblin, a kobold, a friendly hound and a
friendly white imp.

Vanquished Creatures
  A hobgoblin (D:3)
  A quokka (D:3)
  A bat (D:1)
  A giant newt (D:3)
  A rat (D:2)
5 creatures vanquished.

Vanquished Creatures (collateral kills)
  Ijyb (D:3)
  3 adders
  A gnoll (D:1)
  An ooze (D:1)
  2 orcs (D:3)
  A bat (D:1)
  2 giant cockroaches
  6 goblins
  8 hobgoblins
  10 jackals
  4 kobolds
  A giant newt (D:3)
  3 rats
43 creatures vanquished.

Grand Total: 48 creatures vanquished

Notes
Turn   | Place    | Note
--------------------------------------------------------------
     0 | D:1      | jacquesderrida the Demonspawn Summoner began the quest for the Orb.
     0 | D:1      | Reached XP level 1. HP: 13/13 MP: 3/3
   190 | D:1      | Gained mutation: You are partially covered in iridescent scales (AC +4). [demonic ancestry]
   190 | D:1      | Reached XP level 2. HP: 2/19 MP: 3/5
   253 | D:1      | Learned a level 2 spell: Call Imp
   419 | D:2      | Found a blossoming altar of Fedhas.
   518 | D:1      | Reached skill level 5 in Summonings
   523 | D:1      | Gained mutation: You have large cloven feet. [demonic ancestry]
   523 | D:1      | Reached XP level 3. HP: 24/24 MP: 6/6
   681 | D:3      | Learned a level 3 spell: Call Canine Familiar
   685 | D:3      | Found a bloodstained altar of Trog.
   697 | D:3      | Noticed Ijyb
   698 | D:3      | Found a blossoming altar of Fedhas.
   723 | D:3      | Killed Ijyb
   749 | D:3      | Found a shattered altar of Ashenzari.
   749 | D:3      | Found an opulent altar of Gozag.
   749 | D:3      | Found a burning altar of Makhleb.
   755 | D:3      | Became a worshipper of Ashenzari the Shackled
   818 | D:3      | Gained mutation: A weak demonic guardian rushes to your aid. [demonic ancestry]
   818 | D:3      | Reached XP level 4. HP: 22/30 MP: 7/7
   866 | D:3      | Found a sacrificial altar of Ru.
   868 | D:3      | Killed from afar by an orc priest

Action                   |  1- 3 |  4- 6 || total
-------------------------+-------+-------++-------
Melee: Unarmed           |     2 |       ||     2
       Spear             |    40 |       ||    40
       Trident           |     6 |     1 ||     7
 Cast: Summon Small Mamm |    24 |       ||    24
       Call Imp          |    17 |     4 ||    21
       Call Canine Famil |     3 |     1 ||     4
  Use: Scroll            |     2 |       ||     2
       Potion            |       |     1 ||     1
 Stab: Sleeping          |     1 |       ||     1
  Eat: Chunk             |     2 |       ||     2
